 Dungeon Crawl Stone Soup version 0.31.0-11-ge490571c62 (webtiles) character file.

Game seed: 4448760113030948592

74 qw the Shooter (level 4, -1/22 (25) HPs)
             Began as a Deep Elf Hunter on Feb 4, 2024.
             Slain by Ijyb
             ... wielding a +5 dagger of draining
              (7 damage)
             ... on level 3 of the Dungeon.
             The game lasted 00:00:56 (1399 turns).

qw the Shooter (Deep Elf Hunter)                    Turns: 1399, Time: 00:00:57

HP:   -1/22 (25)    AC:  6    Str: 10    XL:     4   Next: 9%
MP:   6/6           EV:  9    Int: 14    God:
Gold: 152           SH:  0    Dex: 18    Spells: 3/3 levels left

rFire   . . .        a - +1 shortbow (flame)
rCold   . . .        (shield currently unavailable)
rNeg    . . .        g - +0 scale mail
rPois   .            (no helmet)
rElec   .            (no cloak)
rCorr   .            (no gloves)
SInv    .            (no boots)
Will    .....        (no amulet)
Stlth   +            (no ring)
HPRegen 0.23/turn    (no ring)
MPRegen 0.10/turn

%: no passive effects
@: heavily drained
A: no striking features
a: no special abilities


You were on level 3 of the Dungeon.
You visited 1 branch of the dungeon, and saw 3 of its levels.

You collected 152 gold pieces.


   Skills:
 - Level 1.5 Fighting
 + Level 7.5 Ranged Weapons
 - Level 2.4 Dodging
 - Level 1.2 Stealth


You had 3 spell levels left.
You didn't know any spells.
Your spell library was empty.

Inventory:

Hand Weapons
 a - a +1 shortbow of flaming (weapon)
Armour
 d - a +0 helmet
 g - a +0 scale mail (worn)
Scrolls
 b - 2 scrolls of enchant armour
 c - a scroll of vulnerability {unknown}
 j - a scroll of identify
Potions
 e - a potion of degeneration {unknown}
 f - a potion of haste {unknown}
 h - 2 potions of curing {unknown}
 i - a potion of heal wounds
 m - 2 potions of ambrosia {unknown}

Dungeon Overview and Level Annotations

Branches:
Dungeon (2/15)

Altars:
Wu Jian

Annotations:
D:3 Ijyb


Message History

You see here 10 gold pieces.
Enter note: You shoot an arrow.
The arrow closely misses the bat.
The bat hits you but does no damage.
You shoot an arrow. The arrow completely misses the bat.
The bat barely misses you.
You shoot an arrow. The arrow hits the bat.
The arrow burns the bat.
You kill the bat!
You now have 142 gold pieces (gained 10).
You now have 150 gold pieces (gained 8).
Found a stone staircase leading down.
You now have 152 gold pieces (gained 2).
Found a helmet.
There is a stone staircase leading down here.
Ijyb the Twisted Goblin comes into view.
She is wielding a +5 dagger of draining and carrying a wand of paralysis.
Found a glowing cloak.
Ijyb shouts!
You shoot an arrow. The arrow hits Ijyb.
The arrow burns Ijyb.
Ijyb is lightly wounded.
You shoot an arrow. The arrow hits Ijyb.
The arrow burns Ijyb.
Ijyb is lightly wounded.
Ijyb zaps a wand.
You resist with some effort.
You shoot an arrow. The arrow closely misses Ijyb.
You shoot an arrow. The arrow closely misses Ijyb.
You shoot an arrow. The arrow completely misses Ijyb.
Ijyb hits you with a +5 dagger of draining.
You feel drained.
You shoot an arrow. The arrow closely misses Ijyb.
Ijyb barely misses you.
You shoot an arrow. The arrow hits Ijyb!
The arrow burns Ijyb.
Ijyb is severely wounded.
Ijyb closely misses you.
You shoot an arrow. The arrow closely misses Ijyb.
Ijyb hits you with a +5 dagger of draining.
You feel drained.
Ijyb hits you with a +5 dagger of draining.
You feel drained.
You shoot an arrow. The arrow barely misses Ijyb.
Ijyb hits you with a +5 dagger of draining!
You die...

#..#.##.###.#.###......##
##.#.#.## #.#.#
######..## #....## #.#.#
####....## #.#...# #.#..
..........# #.###.# #.###
#####...##. #.# #.# #.#
##.###. #.###>####.# #.#
#. #..........#####. #.#
## #####....@g...... #.#
# ############[ .. # # #


You could see Ijyb.

Vanquished Creatures
  Robin (D:2)
  An adder (D:3)
  A ribbon worm (D:2)
  6 ball pythons
  6 endoplasms
  4 giant cockroaches
  8 goblins
  5 hobgoblins
  3 kobolds (D:1)
  3 quokkas
  2 bats
  A frilled lizard (D:1)
  2 rats (D:1)
43 creatures vanquished.

Notes
Turn   | Place    | Note
-------+----------+-------------------------------------------
     0 | D:1      | qw the Deep Elf Hunter began the quest for the Orb.
     0 | D:1      | Reached XP level 1. HP: 12/12 MP: 3/3
     0 | D:1      | 0 ||| qw: Version: 0.3-a-160-g6735b56
     0 | D:1      | 0 ||| qw: Game counter: 5893
     0 | D:1      | 0 ||| qw: Melee chars always use a shield: true
     0 | D:1      | 0 ||| qw: God list: Okawaru
     0 | D:1      | 0 ||| qw: Allow faded altars: false
     0 | D:1      | 0 ||| qw: Do Orc after clearing Dungeon:15 true
     0 | D:1      | 0 ||| qw: Do second Lair branch before Depths: true
     0 | D:1      | 0 ||| qw: Lair rune preference: random
     0 | D:1      | 0 ||| qw: Goals: Normal
     0 | D:1      | 0 ||| PLANNING D:1-11
   151 | D:1      | Reached skill level 6 in Ranged Weapons
   151 | D:1      | Reached XP level 2. HP: 16/16 MP: 4/4
   160 | D:1      | Found a faded altar of an unknown god.
   831 | D:1      | 831 ||| UPGRADING to +0 scale mail.
   841 | D:1      | 841 ||| DROPPING +0 leather armour.
   842 | D:1      | 842 ||| READING scroll labelled GINIDO ANIQAGH.
   846 | D:1      | 846 ||| READING scroll labelled YTAETW NIRHAVE.
   847 | D:1      | 847 ||| READING scroll labelled PEXOISTR MAPIR.
   848 | D:1      | 848 ||| READING scroll labelled MOZUARU XORUIZ.
   848 | D:1      | 848 ||| BRANDING +0 shortbow.
   849 | D:1      | 849 ||| READING scroll labelled ZOQESCHIWIR.
   849 | D:1      | 849 ||| ENCHANTING +0 shortbow of flaming.
   850 | D:1      | 850 ||| READING scroll labelled OLEUTO YLIRCHA.
   850 | D:1      | 850 ||| ENCHANTING +1 shortbow of flaming.
   851 | D:1      | 851 ||| READING scroll labelled NENLADGH WOUMOMNE.
   851 | D:1      | 851 ||| IDENTIFYING black potion
   852 | D:1      | 852 ||| READING scroll labelled CAIM PUUHAS.
   853 | D:1      | 853 ||| READING scroll labelled PENGAO HENE.
   854 | D:1      | 854 ||| DROPPING scroll of butterflies.
   883 | D:2      | Reached XP level 3. HP: 20/20 MP: 5/5
   964 | D:2      | Noticed Robin
   974 | D:2      | Killed Robin
   975 | D:2      | Reached skill level 7 in Ranged Weapons
  1213 | D:2      | You fall into a shaft and drop 1 floor!
  1236 | D:3      | Found an ornate altar of the Wu Jian Council.
  1299 | D:3      | Reached XP level 4. HP: 25/25 MP: 6/6
  1390 | D:3      | Noticed Ijyb
  1399 | D:3      | Slain by Ijyb

Levels and vault maps discovered:
D:1:      amcnicky_arrival_single_pillar, layout_loops_ring, serial_bayou,
          serial_bayou_lagoon_a, serial_bayou_pond_c, serial_bayou_shore_a,
          serial_bayou_crossing, chequers_ecumenical_altar_simple_redux
D:2:      layout_basic, serial_rivers, chequers_serial_rivers_micro_e,
          chequers_serial_rivers_small_b, chequers_serial_rivers_large_a,
          chequers_serial_rivers_small_3, chequers_serial_rivers_small_3,
          nicolae_kite_square_tiling_tiny, serial_bayou_pond_c, uniq_robin
D:3:      layout_loops_ring, nicolae_overflow_macrodata_refinement,
          jmf_multi_god_temple2, nicolae_wu_jian_wuxing_cycle, uniq_ijyb

Skill      XL: |  1  2  3 |
---------------+----------+-----
Ranged Weapons | 6 7 |  7.5
Fighting       | |  1.5
Dodging        | |  2.4
Stealth        | |  1.2

Action                     |  1- 3 |  4- 6 || total
---------------------------+-------+-------++-------
   Fire: Shortbow          |   116 |    14 ||   130
    Use: Scroll            |     9 |       ||     9
 Armour: Leather armour    |     5 |       ||     5
         Scale mail        |    21 |     5 ||    26
  Dodge: Dodged            |    19 |     3 ||    22

Table legend:
 A = Non-vault XP
 B = Vault XP
 C = Vault XP percentage of total XP
 D = Non-vault monster count
 E = Vault monster count
 F = Vault count percentage of total count
                 A         B        C        D         E       F
            +---------+---------+-------+---------+---------+-------
      Total |      82 |      24 |  22.6 |      38 |       5 |  11.6
            +---------+---------+-------+---------+---------+-------
        D:1 |      37 |       0 |   0.0 |      21 |       0 |   0.0
        D:2 |      26 |      24 |  48.0 |      13 |       5 |  27.8
        D:3 |      19 |       0 |   0.0 |       4 |       0 |   0.0
            +---------+---------+-------+---------+---------+-------
